 Dungeon Crawl Stone Soup version 0.18-a0-1804-g0930707 (webtiles) character file.

147 Kenran the Conjurer (level 5, 0/28 HPs)
             Began as a Deep Elf Conjurer on Apr 25, 2016.
             Was a Believer of Cheibriados.
             Slain by an ogre
             ... wielding a +0 giant club
              (7 damage)
             ... on level 4 of the Dungeon.
             The game lasted 00:07:55 (2725 turns).

Kenran the Conjurer (Deep Elf Conjurer)             Turns: 2725, Time: 00:07:56

Health: 0/28       AC:  3    Str:  9    XL:     5   Next: 7%
Magic:  3/14       EV: 13    Int: 25    God:    Cheibriados [**....]
Gold:   90         SH:  0    Dex: 19    Spells: 1 memorised, 13 levels left

rFire  . . .     SeeInvis .     (no weapon)
rCold  . . .     Gourm    .     a - +0 robe
rNeg   . . .     Faith    .     (no shield)
rPois  .         Spirit   .     (no helmet)
rElec  .         Dismiss  .     r - +0 cloak
rCorr  .         Reflect  .     (no gloves)
SustAt .         Harm     .     (no boots)
MR     .....                    (no amulet)
Stlth  ++........               (no ring)
                                (no ring)

@: very slightly contaminated, very slow, not resistant to hostile enchantments,
unstealthy
A: no striking features
a: Bend Time, Renounce Religion


You were on level 4 of the Dungeon.
You worshipped Cheibriados.
Cheibriados was pleased with you.
You were not hungry.

You visited 1 branch of the dungeon, and saw 4 of its levels.

You collected 90 gold pieces.

Inventory:

Armour
 a - a +0 robe (worn)
 r - a +0 cloak (worn)
Jewellery
 j - an uncursed amulet of magic regeneration {unknown}
Scrolls
 d - 3 scrolls of teleportation {unknown}
 f - a scroll of fog {unknown}
 g - 3 scrolls of amnesia {unknown}
 n - a scroll of identify {unknown}
 o - a scroll of recharging {unknown}
 q - a scroll of enchant armour {unknown}
 s - a scroll of magic mapping {unknown}
Potions
 e - 2 potions of heal wounds {unknown}
 h - a potion of haste {unknown}
 i - a potion of mutation {unknown}
 k - a potion of might {unknown}
 l - a potion of degeneration {unknown}
 p - a potion of lignification {unknown}
Books
 b - a book of Conjurations

   Spells                             Type                      Level
   a - Magic Dart                     Conjuration                  1
   b - Searing Ray                    Conjuration                  2
   c - Dazzling Spray                 Conjuration/Hexes            3
   d - Fulminant Prism                Conjuration/Hexes            4
   e - Iskenderun's Mystic Blast      Conjuration                  4
   f - Iskenderun's Battlesphere      Conjuration/Charms           5
Comestibles
 c - 4 bread rations
 m - 2 meat rations
 t - 3 chunks of flesh


   Skills:
 - Level 2.4 Dodging
 - Level 2.4 Stealth
 - Level 5.1 Spellcasting
 + Level 6.0 Conjurations


You had 13 spell levels left.
You knew the following spells:

 Your Spells              Type           Power        Failure   Level  Hunger
a - Magic Dart            Conj           ####         1%          1    None


Dungeon Overview and Level Annotations

Branches:
Dungeon (4/15)
 Temple: D:4-7

Altars:
Cheibriados
Dithmenos
Makhleb
Pakellas
Qazlal
The Shining One


Message History

Aim: an ogre, wielding a giant club (heavily wounded)
The magic dart hits the ogre.
The ogre is heavily wounded.
Casting: Magic Dart
Confirm with . or Enter, or press ? or * to list all spells.
Aiming: Magic Dart
Press: ? - help, Shift-Dir - straight line, f/p - ogre
Aim: an ogre, wielding a giant club (heavily wounded)
The magic dart hits the ogre.
The ogre is heavily wounded.
The ogre barely misses you.
Casting: Magic Dart
Confirm with . or Enter, or press ? or * to list all spells.
Aiming: Magic Dart
Press: ? - help, Shift-Dir - straight line, f/p - ogre
Aim: an ogre, wielding a giant club (heavily wounded)
The magic dart hits the ogre.
The ogre is heavily wounded.
The ogre hits you with a giant club!
You die...

#
.#.#################
........##..........
........##..........
..>..?..O@..........
........##..รท.......
........##..........
........#<....).....
........#...........
.#......#...........
#......#...........
#......#...........
#.########..


You could see an ogre.

Vanquished Creatures
  Ijyb (D:2)
  4 adders
  3 gnolls (D:2)
  2 worms
  3 dart slugs
  A giant gecko (D:2)
  2 orcs
  3 giant cockroaches
  2 goblins
  4 hobgoblins
  3 kobolds (D:2)
  A quokka (D:2)
  A ball python (D:4)
  5 bats
  6 giant newts
  7 rats
48 creatures vanquished.

Notes
Turn   | Place    | Note
--------------------------------------------------------------
     0 | D:1      | Kenran the Deep Elf Conjurer began the quest for the Orb.
     0 | D:1      | Reached XP level 1. HP: 10/10 MP: 6/6
   372 | D:1      | Found a glowing golden altar of the Shining One.
   427 | D:1      | Reached XP level 2. HP: 15/15 MP: 6/8
   506 | D:1      | Reached skill level 5 in Conjurations
  1044 | D:2      | Noticed Ijyb
  1055 | D:2      | Killed Ijyb
  1055 | D:2      | Reached XP level 3. HP: 14/19 MP: 0/11
  1176 | D:2      | Found an oddly glowing altar of Pakellas.
  1294 | D:2      | Found a faded altar to an unknown god.
  1302 | D:2      | Became a worshipper of Cheibriados the Contemplative
  1302 | D:2      | Reached * piety under Cheibriados
  1311 | D:2      | Reached skill level 5 in Spellcasting
  1501 | D:2      | Reached XP level 4. HP: 24/24 MP: 10/13
  2059 | D:3      | Found a shadowy altar of Dithmenos.
  2283 | D:3      | Reached ** piety under Cheibriados
  2529 | D:3      | Found a burning altar of Makhleb.
  2530 | D:3      | Found a stormy altar of Qazlal.
  2560 | D:3      | Noticed an ogre
  2695 | D:4      | Reached XP level 5. HP: 28/28 MP: 11/14
  2709 | D:4      | Noticed an ogre
  2721 | D:4      | Reached skill level 6 in Conjurations
  2725 | D:4      | Slain by an ogre

Vault maps used:
D:1:      dpeg_arrival_boxes_within_box, tso_metal_star
D:2:      ecumenical_altar_1, grunt_pakellas_basics, uniq_iyjb
D:3:      nicolae_overflow_crystal_walls, gammafunk_temple_overflow_pools,
          uniq_natasha, uniq_sigmund
D:4:      old_standard_altar, temple_pool_b, first_bread

Skill      XL: |  1  2  3  4  5 |
---------------+----------------+-----
Conjurations   | 5 6 |  6.0
Spellcasting   | 4 5 |  5.1
Dodging        | |  2.4
Stealth        | |  2.4

Action                   |  1- 3 |  4- 6 || total
-------------------------+-------+-------++-------
Melee: Unarmed           |     2 |     1 ||     3
 Cast: Magic Dart        |    56 |    60 ||   116
  Eat: Chunk             |     1 |     2 ||     3
Armor: Robe              |     3 |     3 ||     6
Dodge: Dodged            |     5 |     3 ||     8
